 Dungeon Crawl Stone Soup version 0.25.0-3-gd7cc5688da (webtiles) character file.

Game seed: 17644404099082220962

49522 mopl the Nimble (level 14, -2/101 HPs)
             Began as a Gnoll Monk on June 15, 2020.
             Slain by an emperor scorpion (16 damage)
             ... on level 15 of the Dungeon.
             The game lasted 00:47:19 (25880 turns).

mopl the Nimble (Gnoll Monk)                       Turns: 25880, Time: 00:47:20

Health: -2/101     AC: 31    Str: 19    XL:     14   Next: 51%
Magic:  22/27      EV:  7    Int: 11    God:
Gold:   433        SH: 12    Dex: 21    Spells: 28/31 levels left

rFire    + . .     SeeInvis .   a - +3 demon blade "Veyvvol" {pain, rPois}
rCold    . . .     Gourm    .   K - +0 kite shield
rNeg     + + .     Faith    .   p - +1 crystal plate armour {rC+}
rPois    +         Spirit   .   w - +1 helmet
rElec    .         Reflect  .   F - +2 ratskin cloak {+Rats rPois rN+ Str-1 Int-1 Dex+1}
rCorr    +         Harm     .   C - +1 pair of gloves {Dex+3}
MR       +....                  S - +1 pair of boots of the Lizard {+Blink rCorr}
Stlth    ..........             (no amulet)
HPRegen  0.26/turn              v - ring of positive energy
MPRegen  0.20/turn              j - ring of fire

@: no status effects
A: distributed training, fangs 1, frail 1, strong nose
a: Evoke Blink, Evoke Ratskin


You were on level 15 of the Dungeon.
You were hungry.

You visited 1 branch of the dungeon, and saw 15 of its levels.
You also visited: Ice Cave.

You collected 1098 gold pieces.
You spent 665 gold pieces at shops.

Inventory:

Hand Weapons
 a - the +3 demon blade "Veyvvol" (weapon) {pain, rPois}
   (You found it in an ice cave)

   In the hands of one skilled in necromantic magic, it inflicts extra damage on
   living creatures.
   It protects you from poison.
 b - a +0 hunting sling
 d - a +3 scimitar of flaming
 e - a +8 vorpal double sword
 B - a +2 demon trident of freezing
 G - a +2 vampiric trident
 L - a +2 flail of holy wrath
Missiles
 i - 458 stones
 k - 21 boomerangs
 q - 57 sling bullets
 r - 2 throwing nets
 y - 7 silver boomerangs
 I - 47 poisoned darts (quivered)
 O - 5 javelins
Armour
 n - a +2 tower shield
 p - a +1 crystal plate armour of cold resistance (worn)
 w - a +1 helmet (worn)
 C - a +1 pair of gloves of dexterity (worn)
 F - the +2 ratskin cloak (worn) {+Rats rPois rN+ Str-1 Int-1 Dex+1}
   (You found it on level 8 of the Dungeon)

   It affects your strength (-1).
   It affects your intelligence (-1).
   It affects your dexterity (+1).
   It protects you from poison.
   It protects you from negative energy.
 K - a +0 kite shield (worn)
 M - a +2 plate armour of fire resistance
 S - the +1 pair of boots of the Lizard (worn) {+Blink rCorr}
   (You acquired it on level 14 of the Dungeon)

   It lets you blink.
   It provides partial protection from all sources of acid and corrosion.
Magical Staves
 h - an uncursed staff of energy
Jewellery
 j - a ring of fire (right hand)
 v - a ring of positive energy (left hand)
 E - an uncursed ring of wizardry
 N - a +4 ring of protection
Wands
 H - a wand of enslavement (3)
 Q - a wand of iceblast (4)
 V - a wand of disintegration (6)
Scrolls
 f - 3 scrolls of fear
 m - 2 scrolls of teleportation
 o - 7 scrolls of remove curse
 s - a scroll of identify
 t - a scroll of amnesia
 u - 2 scrolls of enchant armour
 A - 4 scrolls of magic mapping
 D - 2 scrolls of torment
 J - a scroll of blinking
 T - a scroll of silence
Potions
 g - 6 potions of curing
 l - 4 potions of brilliance
 x - 2 potions of might
 z - a potion of flight
 P - 2 potions of lignification
 R - a potion of invisibility
 U - a potion of haste
Comestibles
 c - 20 rations
 W - 10 chunks of flesh


   Skills:
 + Level 11.1 Fighting
 + Level 9.1 Short Blades
 + Level 9.1 Long Blades
 + Level 9.1 Axes
 + Level 11.1 Maces & Flails
 + Level 9.1 Polearms
 + Level 9.1 Staves
 + Level 9.1 Slings
 + Level 9.1 Bows
 + Level 9.1 Crossbows
 + Level 9.1 Throwing
 + Level 9.1 Armour
 + Level 11.1 Dodging
 + Level 10.0 Stealth
 + Level 9.1 Shields
 + Level 9.1 Unarmed Combat
 + Level 9.1 Spellcasting
 + Level 7.6 Conjurations
 + Level 7.6 Hexes
 + Level 7.6 Charms
 + Level 7.6 Summonings
 + Level 7.6 Necromancy
 + Level 7.6 Translocations
 + Level 7.6 Transmutations
 + Level 7.6 Fire Magic
 + Level 7.6 Ice Magic
 + Level 7.6 Air Magic
 + Level 7.6 Earth Magic
 + Level 7.6 Poison Magic
 + Level 9.9 Invocations
 + Level 9.1 Evocations


You had 28 spell levels left.
You knew the following spells:

 Your Spells              Type           Power        Failure   Level  Hunger
a - Apportation           Tloc           ###...       88%         1    None
b - Summon Butterflies    Summ           ###.....     88%         1    None
x - Animate Skeleton      Necr           N/A          88%         1    None

Your spell library contained the following spells:

 Spells                   Type           Power        Failure   Level  Hunger
 Corona                   Hex            ###....      88%         1    None
 Summon Small Mammal      Summ           ###.         88%         1    None
 Lesser Beckoning         Tloc           ###.......   99%         3    ##.....
 Tukima's Dance           Hex            ###.....     99%         3    ##.....
 Leda's Liquefaction      Hex/Erth       ###.......   100%        4    ####...
 Alistair's Intoxication  Tmut/Pois      ###.....     100%        5    #####..
 Bolt of Magma            Conj/Fire/Erth ####......   100%        5    #####..
 Invisibility             Hex            ###.....     100%        6    #######
 Iron Shot                Conj/Erth      ###.......   100%        6    #######
 Statue Form              Tmut/Erth      ###......    100%        6    #######
 Shatter                  Erth           ###.......   100%        9    #######


Dungeon Overview and Level Annotations

Branches:
Dungeon (15/15)            Temple (0/1) D:6            Lair (0/6) D:10
    Orc (0/2) D:12         Vaults (0/5) D:13          IceCv (visited)
 Depths: D:15

Altars:
Ashenzari
Kikubaaqudgha
Nemelex Xobeh
Qazlal
Sif Muna
Xom
The Shining One

Shops:
D:5 !   D:11 }(*[


Innate Abilities, Weirdness & Mutations

Your experience applies equally to all skills.
You have very sharp teeth.
Your uncanny sense of smell can sniff out nearby items.
You are frail. (-10% HP)


Message History

The emperor scorpion claws you!
* * * LOW HITPOINT WARNING * * *
The emperor scorpion barely misses you.
Unknown command.
The rats of the Dungeon answer your call.
You feel somewhat more hungry. The emperor scorpion stings you!
* * * LOW HITPOINT WARNING * * *
The emperor scorpion claws you but does no damage. x2
Your hell rat barely misses the emperor scorpion.
Your hell rat barely misses the emperor scorpion.
You block the emperor scorpion's attack.
The emperor scorpion claws you but does no damage.
You block the emperor scorpion's attack.
The rats of the Dungeon answer your call.
You are feeling hungry.
Your hell rat misses the emperor scorpion.
The manticore bites your hell rat!!
Your hell rat dies!
The emperor scorpion stings you!
You die...

#...... ....... .......
... ....... .....
.......### ######......
.........####...........
.........÷DH...r.........
....#...####s............
. #.≈.#..#.@...........
#..H#..#.r...........
+###.###.............
#H..###..............#####
#.≈. #.....#######......#
#... #.....# #......#
#.### #.....# #......# .D#
#.....# #...####
#..#######.....# #...#


You could see an emperor scorpion, a four-headed hydra, a manticore, a friendly
hell rat and a friendly river rat.

Vanquished Creatures
  Kirke (D:14)
  Agnes (D:14)
  A reaper (IceCv)
  Azrael (D:15)
  Snorg (D:14)
  Josephine (D:11)
  2 vault guards (D:13)
  4 hydras
  2 centaur warriors
  5 two-headed ogres
  A catoblepas (D:13)
  A death yak (D:10)
  2 tengu warriors (D:13)
  2 unseen horrors
  A wizard (D:13)
  2 deep elf magi (D:13)
  2 hornets
  4 ugly things
  A shining eye (shapeshifter) (D:13)
  2 cyclopes
  2 ice statues (IceCv)
  Maggie (D:10)
  A gargoyle (D:13)
  2 centaur skeletons
  2 kobold demonologists
  6 ice devils (IceCv)
  A tengu conjurer (D:13)
  4 trolls
  8 meliai
  8 slime creatures
  4 hippogriffs
  3 water elementals (D:13)
  A basilisk (shapeshifter) (D:15)
  3 shadows
  8 wraiths
  A wyvern (D:15)
  10 yaks
  2 hungry ghosts
  4 hogs
  4 fire elementals (D:15)
  8 vampire mosquitoes
  Menkaure (D:7)
  An acid dragon (shapeshifter) (D:11)
  2 water moccasins (D:10)
  An acid dragon (D:14)
  3 hell hounds (D:15)
  A porcupine (D:10)
  An ice beast (D:5)
  4 orc warriors
  4 sky beasts
  10 centaurs
  2 phantoms
  6 ogres
  A crocodile (D:11)
  4 big kobolds
  8 bullfrogs
  A gnoll sergeant (D:7)
  A scorpion (D:10)
  13 killer bees
  20 wights
  7 howler monkeys
  An electric eel (D:13)
  7 crimson imps
  A bullfrog zombie (D:10)
  2 centaur zombies
  5 hounds
  A gnoll shaman (D:9)
  5 orc priests
  3 jellies
  4 iguanas
  2 bullfrog skeletons
  14 orc wizards
  14 worker ants
  A hell rat (D:10)
  A hound skeleton (D:6)
  16 adders
  14 gnolls
  A river rat (D:10)
  5 white imps (IceCv)
  8 ufetubi (IceCv)
  2 oozes
  2 adder zombies (D:5)
  4 worms
  2 dart slugs
  5 leopard geckos
  44 orcs
  2 ball pythons
  10 bats
  6 giant cockroaches
  8 goblins
  10 hobgoblins
  8 jackals
  15 kobolds
  6 quokkas
  5 frilled lizards
  4 quokka skeletons
  9 rats
458 creatures vanquished.

Vanquished Creatures (collateral kills)
  A vault guard (D:13)
  A catoblepas (D:14)
  3 two-headed ogres
  2 death yaks
  3 ugly things
  A komodo dragon (D:10)
  A centaur skeleton (D:14)
  2 ice devils (IceCv)
  A meliai (D:14)
  A yak (D:13)
  A vampire mosquito (D:13)
  A centaur (D:14)
  2 big kobolds (D:8)
  A jelly (D:8)
  A bullfrog skeleton (D:8)
  A worker ant (D:8)
  A howler monkey zombie (D:8)
  An orc (D:10)
  2 kobolds
  A rat (D:10)
28 creatures vanquished.

Vanquished Creatures (others)
  A two-headed ogre (D:13)
  2 ugly things
  5 yaks (D:10)
  A human (D:14)
  A water moccasin skeleton (D:10)
  3 white imps (IceCv)
  4 ufetubi (IceCv)
  A plant (D:11)
18 creatures vanquished.

Grand Total: 504 creatures vanquished

Notes
Turn   | Place    | Note
-------+----------+-------------------------------------------
     0 | D:1      | mopl the Gnoll Monk began the quest for the Orb.
     0 | D:1      | Reached XP level 1. HP: 23/23 MP: 1/1
   224 | D:1      | Reached XP level 2. HP: 28/29 MP: 2/2
   694 | D:2      | Reached XP level 3. HP: 35/35 MP: 3/3
   739 | D:2      | Reached skill level 1 in Invocations
   789 | D:2      | Reached skill level 1 in Short Blades
   789 | D:2      | Reached skill level 1 in Long Blades
   789 | D:2      | Reached skill level 1 in Axes
   789 | D:2      | Reached skill level 1 in Polearms
   789 | D:2      | Reached skill level 1 in Staves
   789 | D:2      | Reached skill level 1 in Slings
   789 | D:2      | Reached skill level 1 in Bows
   789 | D:2      | Reached skill level 1 in Crossbows
   789 | D:2      | Reached skill level 1 in Throwing
   789 | D:2      | Reached skill level 1 in Armour
   789 | D:2      | Reached skill level 1 in Shields
   789 | D:2      | Reached skill level 1 in Unarmed Combat
   789 | D:2      | Reached skill level 1 in Spellcasting
   789 | D:2      | Reached skill level 1 in Evocations
   974 | D:2      | Reached XP level 4. HP: 41/41 MP: 5/5
  1308 | D:2      | Found a glowing golden altar of the Shining One.
  1313 | D:2      | Found a stormy altar of Qazlal.
  1610 | D:3      | Found a shimmering blue altar of Sif Muna.
  1610 | D:3      | Found an ancient bone altar of Kikubaaqudgha.
  1751 | D:3      | Reached skill level 1 in Conjurations
  1751 | D:3      | Reached skill level 1 in Hexes
  1751 | D:3      | Reached skill level 1 in Charms
  1751 | D:3      | Reached skill level 1 in Summonings
  1751 | D:3      | Reached skill level 1 in Necromancy
  1751 | D:3      | Reached skill level 1 in Translocations
  1751 | D:3      | Reached skill level 1 in Transmutations
  1751 | D:3      | Reached skill level 1 in Fire Magic
  1751 | D:3      | Reached skill level 1 in Ice Magic
  1751 | D:3      | Reached skill level 1 in Air Magic
  1751 | D:3      | Reached skill level 1 in Earth Magic
  1751 | D:3      | Reached skill level 1 in Poison Magic
  1851 | D:3      | HP: 1/41 [something/magic dart (5)]
  1852 | D:3      | Reached XP level 5. HP: 1/47 MP: 6/6
  3183 | D:4      | Noticed an ogre
  3380 | D:4      | Killed an ogre
  3380 | D:4      | Reached XP level 6. HP: 53/53 MP: 8/8
  3524 | D:4      | Reached XP level 7. HP: 44/59 MP: 10/10
  3708 | D:4      | Found a shimmering altar of Xom.
  3982 | D:5      | Entered Level 5 of the Dungeon
  4201 | D:5      | Found a shattered altar of Ashenzari.
  4243 | D:5      | Found Zaduamiq's Distillery.
  4248 | D:5      | Bought 2 potions of degeneration for 28 gold pieces
  4248 | D:5      | Bought a potion of curing for 42 gold pieces
  4248 | D:5      | Bought a potion of might for 56 gold pieces
  4248 | D:5      | Bought a potion of flight for 42 gold pieces
  4248 | D:5      | Bought a potion of heal wounds for 70 gold pieces
  4287 | D:5      | Reached skill level 5 in Stealth
  4512 | D:5      | Bought a potion of lignification for 42 gold pieces
  4779 | D:5      | Reached XP level 8. HP: 67/67 MP: 12/12
  5498 | D:6      | Found a sparkling altar of Nemelex Xobeh.
  5550 | D:6      | Found a staircase to the Ecumenical Temple.
  6210 | D:7      | Got a pair of heavily runed boots
  6236 | D:6      | Identified the cursed -2 pair of boots "Mogeck" {Int+4
                  | Dex-4} (You found it on level 7 of the Dungeon)
  6435 | D:6      | HP: 3/67 [killer bee (2)]
  6786 | D:7      | Learned a level 1 spell: Apportation
  6788 | D:7      | Learned a level 1 spell: Animate Skeleton
  6984 | D:7      | Found a shimmering altar of Xom.
  7049 | D:7      | Noticed Menkaure
  7062 | D:7      | Killed Menkaure
  7062 | D:7      | Reached XP level 9. HP: 72/72 MP: 14/14
  7659 | D:8      | Found the +2 ratskin cloak {+Rats rPois rN+ Str-1 Int-1
                  | Dex+1}
  8178 | D:8      | Learned a level 1 spell: Summon Butterflies
  8976 | D:9      | Reached skill level 5 in Invocations
  9227 | D:9      | Noticed a two-headed ogre
  9241 | D:9      | Killed a two-headed ogre
  9241 | D:9      | Reached XP level 10. HP: 80/80 MP: 7/17
  9578 | D:9      | Reached skill level 5 in Short Blades
  9578 | D:9      | Reached skill level 5 in Long Blades
  9578 | D:9      | Reached skill level 5 in Axes
  9578 | D:9      | Reached skill level 5 in Polearms
  9578 | D:9      | Reached skill level 5 in Staves
  9578 | D:9      | Reached skill level 5 in Slings
  9578 | D:9      | Reached skill level 5 in Bows
  9578 | D:9      | Reached skill level 5 in Crossbows
  9578 | D:9      | Reached skill level 5 in Throwing
  9578 | D:9      | Reached skill level 5 in Armour
  9578 | D:9      | Reached skill level 5 in Shields
  9578 | D:9      | Reached skill level 5 in Unarmed Combat
  9578 | D:9      | Reached skill level 5 in Spellcasting
  9578 | D:9      | Reached skill level 5 in Evocations
 10262 | D:10     | Entered Level 10 of the Dungeon
 10262 | D:10     | Noticed a death yak
 10262 | D:10     | Noticed a two-headed ogre
 10276 | D:9      | Killed a two-headed ogre
 10517 | D:10     | Noticed a death yak
 10519 | D:10     | Noticed a death yak
 10532 | D:10     | Killed a death yak
 10549 | D:9      | Killed a death yak
 11635 | D:10     | Reached XP level 11. HP: 76/87 MP: 19/19
 11769 | D:10     | Noticed Maggie
 11781 | D:10     | Killed Maggie
 11848 | D:10     | Killed a death yak
 11908 | D:10     | Found a staircase to the Lair.
 12113 | D:10     | Noticed a cyan ugly thing
 12149 | D:10     | Noticed a two-headed ogre
 12181 | D:10     | Killed a two-headed ogre
 12181 | D:10     | Reached skill level 5 in Conjurations
 12181 | D:10     | Reached skill level 5 in Hexes
 12181 | D:10     | Reached skill level 5 in Charms
 12181 | D:10     | Reached skill level 5 in Summonings
 12181 | D:10     | Reached skill level 5 in Necromancy
 12181 | D:10     | Reached skill level 5 in Translocations
 12181 | D:10     | Reached skill level 5 in Transmutations
 12181 | D:10     | Reached skill level 5 in Fire Magic
 12181 | D:10     | Reached skill level 5 in Ice Magic
 12181 | D:10     | Reached skill level 5 in Air Magic
 12181 | D:10     | Reached skill level 5 in Earth Magic
 12181 | D:10     | Reached skill level 5 in Poison Magic
 12208 | D:10     | Killed a cyan ugly thing
 12489 | D:10     | Killed an unseen horror
 12998 | D:11     | Noticed a salamander
 13008 | D:11     | a salamander changed into a troll
 13258 | D:11     | Found Koethosk's Antique Weapon Shoppe.
 13259 | D:11     | Noticed a purple ugly thing
 13285 | D:11     | Noticed a soul eater
 13348 | D:11     | Found a frozen archway.
 13354 | IceCv    | Entered an ice cave
 14099 | IceCv    | HP: 6/133 [ice devil (18)]
 14850 | IceCv    | Noticed a reaper
 15316 | IceCv    | Killed a reaper
 15316 | IceCv    | Reached XP level 12. HP: 86/96 MP: 20/22
 15488 | IceCv    | Got an ichor-stained demon blade
 15817 | IceCv    | Identified the cursed +3 demon blade "Veyvvol" {pain,
                  | rPois} (You found it in an ice cave)
 16231 | D:11     | Noticed Josephine
 16244 | D:11     | Noticed a two-headed ogre
 16263 | D:11     | Killed Josephine
 16284 | D:11     | Killed a two-headed ogre
 16646 | D:11     | Found Tyow's Assorted Antiques.
 16671 | D:11     | Bought a scroll of teleportation for 105 gold pieces
 16671 | D:11     | Bought a scroll of identify for 70 gold pieces
 16671 | D:11     | Bought a potion of curing for 105 gold pieces
 16671 | D:11     | Bought a potion of lignification for 105 gold pieces
 16846 | D:11     | Found Kiser's Antique Armour Shop.
 16962 | D:11     | Found Ovyg's Gadget Boutique.
 17090 | D:12     | Noticed a two-headed ogre
 17106 | D:12     | Killed a two-headed ogre
 17434 | D:12     | Noticed a centaur warrior
 17453 | D:12     | Killed a centaur warrior
 17604 | D:12     | Paralysed by a hornet for 1 turns
 17670 | D:12     | Found a staircase to the Orcish Mines.
 17970 | D:12     | Reached skill level 10 in Fighting
 17970 | D:12     | Reached skill level 10 in Maces & Flails
 17970 | D:12     | Reached skill level 10 in Dodging
 17979 | D:12     | Noticed a five-headed hydra
 18477 | D:12     | Killed a five-headed hydra
 19170 | D:13     | Reached XP level 13. HP: 46/103 MP: 24/24
 19826 | D:13     | Gained mutation: You are frail. (-10% HP) [a shining eye]
 19905 | D:13     | Found a gate to the Vaults.
 19905 | D:13     | Noticed a vault guard
 19905 | D:13     | Noticed a vault guard
 19905 | D:13     | Noticed a vault guard
 19905 | D:13     | Noticed a vault guard
 19938 | D:13     | Killed a vault guard
 19976 | D:13     | Killed a vault guard
 20045 | D:13     | Killed a vault guard
 20087 | D:12     | You fall into a shaft and drop 3 floors!
 20087 | D:15     | Entered Level 15 of the Dungeon
 20838 | D:14     | Identified 3 scrolls of acquirement
 20851 | D:14     | Got the +1 pair of boots of the Lizard {+Blink rCorr}
 22252 | D:13     | Found a glowing golden altar of the Shining One.
 22876 | D:14     | Noticed Agnes
 23280 | D:14     | Noticed Snorg
 23312 | D:14     | Reached XP level 14. HP: 99/99 MP: 26/26
 23330 | D:14     | Killed Snorg
 23435 | D:14     | HP: 4/99 [meliai/divine providence (9)]
 23934 | D:14     | Noticed Kirke
 24545 | D:14     | Killed Kirke
 24931 | D:14     | Killed Agnes
 24931 | D:14     | Reached skill level 10 in Stealth
 25358 | D:15     | Noticed Azrael
 25369 | D:15     | Killed Azrael
 25851 | D:15     | Noticed an emperor scorpion
 25880 | D:15     | Slain by an emperor scorpion

Illustrated notes

Levels and vault maps discovered:
D:1:      dpeg_arrival_ternary, layout_basic, minmay_misc_feat_encased,
          minmay_strange_pillars, chequers_decorated_corner, fountainhead
D:2:      layout_rooms, minitemple, first_ration
D:3:      layout_loops_ring, gammafunk_temple_overflow_wave
D:4:      layout_cave_pools, nicolae_overflow_hidden_temple
D:5:      cheibrodos_barr_body, layout_basic, ashenzari_altar_1, serial_shops,
          shop
D:6:      layout_basic, temple_doors_e, minmay_misc_feat_plants,
          nemelex_spade_bored_becter
D:7:      layout_cave_pools, xom_teletrap_fun, uniq_menkaure
D:8:      layout_rooms, blue_anna_alchemist [blue_anna_fruit_fields,
          blue_anna_fruit_fields], small_statue_intersection
D:9:      layout_stronghold
D:10:     layout_basic, dpeg_lair_monsters, lemuel_flamethrower_hall,
          uniq_maggie
D:11:     layout_roguey, portal_ice_cave_entry_pillars_1, serial_shops,
          kennysheep_mini_moat, shop, shop, nicolae_shop_overgrown_old_shop,
          uniq_josephine
D:12:     layout_roguey, david_orc_2
D:13:     layout_basic, lightli_vaults_fourway_checkpoint, tso_metal_star
D:14:     layout_cave_pools, grunt_decor_fettered, drop_trap, uniq_kirke,
          uniq_agnes, uniq_snorg
D:15:     hangedman_depths_entry_try_elsewhere_first, layout_irregular_city,
          hangedman_abyss_or_decor_lesser_grid, hellmonk_ghost_happy_afterlife,
          uniq_azrael

Skill      XL: |  1  2  3  4  5  6  7  8  9 10 11 12 13 14 |
---------------+-------------------------------------------+-----
Invocations    | 1 2 3 4 5 6 7 8 9 |  9.9
Short Blades   | 1 2 3 4 5 6 7 8 9 |  9.1
Long Blades    | 1 2 3 4 5 6 7 8 9 |  9.1
Axes           | 1 2 3 4 5 6 7 8 9 |  9.1
Polearms       | 1 2 3 4 5 6 7 8 9 |  9.1
Staves         | 1 2 3 4 5 6 7 8 9 |  9.1
Slings         | 1 2 3 4 5 6 7 8 9 |  9.1
Bows           | 1 2 3 4 5 6 7 8 9 |  9.1
Crossbows      | 1 2 3 4 5 6 7 8 9 |  9.1
Throwing       | 1 2 3 4 5 6 7 8 9 |  9.1
Armour         | 1 2 3 4 5 6 7 8 9 |  9.1
Shields        | 1 2 3 4 5 6 7 8 9 |  9.1
Unarmed Combat | 1 2 3 4 5 6 7 8 9 |  9.1
Spellcasting   | 1 2 3 4 5 6 7 8 9 |  9.1
Evocations     | 1 2 3 4 5 6 7 8 9 |  9.1
Conjurations   | 1 2 3 4 5 6 7 |  7.6
Hexes          | 1 2 3 4 5 6 7 |  7.6
Charms         | 1 2 3 4 5 6 7 |  7.6
Summonings     | 1 2 3 4 5 6 7 |  7.6
Necromancy     | 1 2 3 4 5 6 7 |  7.6
Translocations | 1 2 3 4 5 6 7 |  7.6
Transmutations | 1 2 3 4 5 6 7 |  7.6
Fire Magic     | 1 2 3 4 5 6 7 |  7.6
Ice Magic      | 1 2 3 4 5 6 7 |  7.6
Air Magic      | 1 2 3 4 5 6 7 |  7.6
Earth Magic    | 1 2 3 4 5 6 7 |  7.6
Poison Magic   | 1 2 3 4 5 6 7 |  7.6
Fighting       | 7 8 9 10 11 | 11.1
Maces & Flails | 7 8 9 10 11 | 11.1
Dodging        | 7 8 9 10 11 | 11.1
Stealth        | 5 6 7 8 9 10 | 10.0

Action                   |  1- 3 |  4- 6 |  7- 9 | 10-12 | 13-15 || total
-------------------------+-------+-------+-------+-------+-------++-------
Melee: Mace              |    88 |   195 |   335 |       |       ||   618
       Bite              |     8 |    21 |    81 |   131 |   114 ||   355
       Punch             |     1 |     1 |     5 |    28 |     5 ||    40
       Unarmed           |       |       |    15 |       |    33 ||    48
       Flail             |       |       |   198 |   570 |       ||   768
       Demon blade       |       |       |       |   288 |   526 ||   814
       Demon trident     |       |       |       |     8 |    96 ||   104
       Trident           |       |       |       |       |    29 ||    29
 Fire: Hunting sling     |       |    16 |    41 |    16 |       ||    73
Throw: Stone             |       |       |     4 |     7 |     2 ||    13
       Dart              |       |       |       |       |     3 ||     3
 Cast: Summon Butterflie |       |       |       |     1 |       ||     1
 Abil: Evoke Ratskin     |       |       |     9 |    31 |     4 ||    44
Evoke: Wand              |       |       |     2 |    20 |    13 ||    35
  Use: Potion            |       |       |     5 |    11 |     2 ||    18
       Scroll            |       |       |     2 |     6 |    20 ||    28
 Stab: Sleeping          |     5 |       |     2 |     2 |       ||     9
       Distracted        |       |       |       |     2 |       ||     2
  Eat: Chunk             |       |     8 |    18 |    20 |    14 ||    60
       Ration            |       |       |     1 |     7 |     3 ||    11
Armor: Robe              |    10 |       |       |       |       ||    10
       Ring mail         |    30 |       |       |       |       ||    30
       Scale mail        |     1 |    66 |    44 |       |       ||   111
       Chain mail        |       |       |   284 |    89 |       ||   373
       Skin              |       |       |    14 |       |       ||    14
       Acid dragon scale |       |       |       |    79 |       ||    79
       Crystal plate arm |       |       |       |   310 |   557 ||   867
Dodge: Dodged            |    95 |   128 |   397 |   447 |   196 ||  1263
Block: Kite shield       |       |       |       |       |   178 ||   178
       Rpst.: Demon blade |       |       |       |    29 |    32 ||    61
